 Dungeon Crawl Stone Soup version 0.25-a0-942-g87a53962fc (webtiles) character file.

Game seed: 17686762751155886804, levelgen mode: deterministic

228 kae the Chiller (level 6, -4/41 HPs)
             Began as a Merfolk Ice Elementalist on May 7, 2020.
             Slain by Grinder (10 damage)
             ... on level 3 of the Dungeon.
             The game lasted 00:02:31 (4156 turns).

kae the Chiller (Merfolk Ice Elementalist)          Turns: 4156, Time: 00:02:31

Health: -4/41      AC:  3    Str:  8 (10) XL:     6   Next: 2%
Magic:  11/11      EV: 13    Int: 11 (14) God:
Gold:   150        SH:  0    Dex: 14 (17) Spells: 8/12 levels left

rFire    . . .     SeeInvis .   k - +1 short sword (venom)
rCold    . . .     Gourm    .   (no shield)
rNeg     . . .     Faith    .   a - +1 robe
rPois    .         Spirit   .   (no helmet)
rElec    .         Reflect  .   (no cloak)
rCorr    .         Harm     .   (no gloves)
MR       .....                  (no boots)
Stlth    ++........             (no amulet)
HPRegen  0.13/turn              l - +2 ring of dexterity
MPRegen  0.12/turn              (no ring)

@: no status effects
A: change form in water, swift swim, stealthy swim
a: no special abilities


You were on level 3 of the Dungeon.
You were not hungry.

You visited 1 branch of the dungeon, and saw 3 of its levels.

You collected 150 gold pieces.

Inventory:

Hand Weapons
 k - a +1 short sword of venom (weapon)
 t - a +0 trident
Armour
 a - a +1 robe (worn)
Jewellery
 l - a +2 ring of dexterity (left hand)
Wands
 s - a wand of random effects (21)
Scrolls
 e - a scroll of random uselessness {unknown}
 g - 3 scrolls of teleportation {unknown}
 h - 9 scrolls of identify {unknown}
 i - 2 scrolls of magic mapping {unknown}
 j - 2 scrolls of remove curse {unknown}
 n - a scroll of fear {unknown}
 q - a scroll of fog {unknown}
Potions
 b - a potion of magic
 m - 2 potions of heal wounds {unknown}
 o - a potion of berserk rage {unknown}
 p - a potion of mutation {unknown}
 r - 2 potions of might {unknown}
Comestibles
 c - 6 rations
 u - a chunk of flesh


   Skills:
 - Level 2.6 Dodging
 - Level 2.1 Stealth
 + Level 3.5 Spellcasting
 * Level 6.8 Ice Magic


You had 8 spell levels left.
You knew the following spells:

 Your Spells              Type           Power        Failure   Level  Hunger
a - Freeze                Ice            ###.         1%          1    #......
b - Frozen Ramparts       Ice            ###...       4%          3    ###....

Your spell library contained the following spells:

 Spells                   Type           Power        Failure   Level  Hunger
 Ozocubu's Armour         Chrm/Ice       #.......     19%         3    ###....
 Hailstorm                Conj/Ice       #.......     52%         4    #####..
 Summon Ice Beast         Ice/Summ       #.......     52%         4    #####..


Dungeon Overview and Level Annotations

Branches:
Dungeon (3/15)

Altars:
Ashenzari
Wu Jian

Annotations:
D:3 Grinder


Message History

You writhe in agony.
* * * LOW HITPOINT WARNING * * *
You can move again.
Unknown command.
Unknown command.
Unknown command.
As you read the scroll labeled EXOGOPLOSAE, it crumbles to dust.
It is a scroll of enchant armour.
Your +0 robe glows green for a moment.
Grinder hits you.
* * * LOW HITPOINT WARNING * * *
You writhe in agony.
* * * LOW HITPOINT WARNING * * *
It was a potion of magic.
Magic courses through your body. Grinder gestures at you.
You shrug off the repeated paralysis!
It was a potion of degeneration.
There was something very wrong with that liquid.
You feel weakened.
You feel dopey.
You feel clumsy. Grinder hits you!
You die...

.... ##. #..# #.
#. ####. ##
#.... .### #.###
... ##.## ##5#
.####...##
#.###@#
..........
#....#
#####...##
##.#.# ##.##
...#.# #.# ###
#.# #.# #.# #.#
#.############.#
#..............#
################


You could see Grinder.

Vanquished Creatures
  A hound (D:3)
  An orc priest (D:3)
  Ijyb (D:3)
  7 adders
  2 worms
  A dart slug (D:2)
  2 leopard geckos
  12 orcs
  A giant cockroach (D:2)
  6 goblins
  6 hobgoblins
  4 jackals
  4 bats
  2 frilled lizards
  9 kobolds
  6 rats
65 creatures vanquished.

Notes
Turn   | Place    | Note
-------+----------+-------------------------------------------
     0 | D:1      | kae the Merfolk Ice Elementalist began the quest for the
                  | Orb.
     0 | D:1      | Reached XP level 1. HP: 13/13 MP: 3/3
   466 | D:1      | Reached XP level 2. HP: 18/19 MP: 3/5
  1145 | D:2      | Found an ornate altar of the Wu Jian Council.
  1166 | D:2      | Reached skill level 5 in Ice Magic
  1219 | D:2      | Reached XP level 3. HP: 18/24 MP: 4/6
  1713 | D:2      | Reached XP level 4. HP: 27/30 MP: 8/8
  2074 | D:2      | Found a shattered altar of Ashenzari.
  2157 | D:2      | Found an ornate altar of the Wu Jian Council.
  2670 | D:3      | Noticed Ijyb
  2682 | D:3      | Killed Ijyb
  2782 | D:3      | Reached skill level 6 in Ice Magic
  2789 | D:3      | Reached XP level 5. HP: 22/35 MP: 7/9
  3970 | D:3      | Learned a level 3 spell: Frozen Ramparts
  4002 | D:3      | Reached XP level 6. HP: 41/41 MP: 11/11
  4143 | D:3      | Noticed Grinder
  4151 | D:3      | Paralysed by Grinder for 3 turns
  4156 | D:3      | Slain by Grinder

Levels and vault maps discovered:
D:1:      dpeg_arrival_long_road, layout_loops_cross
D:2:      layout_basic, overflow_temple_1_default, lemuel_crystal_altar,
          lemuel_altar_in_water
D:3:      layout_loops_ring, makhleb_blood_cavern_becter, uniq_ijyb,
          uniq_grinder

Skill      XL: |  1  2  3  4 |
---------------+-------------+-----
Ice Magic      | 5 6 |  6.8
Spellcasting   | 3 |  3.5
Dodging        | |  2.6
Stealth        | |  2.1

Action                   |  1- 3 |  4- 6 || total
-------------------------+-------+-------++-------
Melee: Unarmed           |     8 |       ||     8
       Short sword       |    38 |    88 ||   126
       Trident           |       |     8 ||     8
 Cast: Freeze            |    32 |    33 ||    65
  Use: Potion            |       |     2 ||     2
       Scroll            |       |     1 ||     1
 Stab: Sleeping          |     2 |     3 ||     5
  Eat: Chunk             |     3 |     8 ||    11
Armor: Robe              |    11 |    16 ||    27
Dodge: Dodged            |    51 |    82 ||   133

Table legend:
 A = Non-vault XP
 B = Vault XP
 C = Vault XP percentage of total XP
 D = Non-vault monster count
 E = Vault monster count
 F = Vault count percentage of total count
                 A         B        C        D         E       F
            +---------+---------+-------+---------+---------+-------
      Total |     248 |      78 |  23.9 |      63 |       2 |   3.1
            +---------+---------+-------+---------+---------+-------
        D:1 |      19 |       0 |   0.0 |      14 |       0 |   0.0
        D:2 |     105 |       0 |   0.0 |      29 |       0 |   0.0
        D:3 |     124 |      78 |  38.6 |      20 |       2 |   9.1
            +---------+---------+-------+---------+---------+-------
